TOP OF THE 1ST |
---|
Evanston Elitists batting - Pitching for Plumstead Eagles : RHP Archie King | Pitching: RHP Archie King | | Batting: LHB George Flanagan | 0-0: TRIPLE (Flyball, 8RXD) | Batting: RHB Jorge Calderón | 0-0: Foul Ball, location: 2F 0-1: Ball 1-1: Ball 2-1: Ball 3-1: Base on Balls | Batting: SHB Ryan Roberts | 0-0: Foul Ball, location: 2F 0-1: Swinging Strike 0-2: Ball 1-2: Ball 2-2: Foul Ball, location: 2F 2-2: Foul Ball, location: 2F 2-2: Ball 3-2: Foul Ball, location: 2F 3-2: Foul Ball, location: 2F 3-2: Base on Balls Jorge Calderón to second | Batting: LHB Arthur Guzmán | 0-0: Fly out, F9 (Flyball, 9LS) Runner from 3rd tags up, OUT at HOME Jorge Calderón to third Ryan Roberts to second | Batting: RHB Troy Johnson | 0-0: Ball 1-0: Called Strike 1-1: Ball 2-1: Foul Ball, location: 2F 2-2: Foul Ball, location: 2F 2-2: Ball 3-2: Base on Balls | Batting: SHB Jacob Wilcox | 0-0: Foul Ball, location: 2F 0-1: Swinging Strike 0-2: Ball 1-2: Strikes out swinging | Top of the 1st over - 0 runs, 1 hit, 0 errors, 3 left on base; Evanston 0 - Plumstead 0 | BOTTOM OF THE 1ST |
---|
Plumstead Eagles batting - Pitching for Evanston Elitists : LHP Ben Johnston | Pitching: LHP Ben Johnston | | Batting: LHB Mauro López | 0-0: Foul Ball, location: 2F 0-1: Ball 1-1: Ground out 4-3 (Groundball, 4M) | Batting: SHB José Rincón | 0-0: Ground out 5-3 (Groundball, 56) | Batting: LHB Ismael Barajas | 0-0: Ball 1-0: Foul Ball, location: 2F 1-1: Ball 2-1: Foul Ball, location: 2F 2-2: SINGLE (Groundball, 13) (infield hit) | Batting: RHB Lúcio Alfaro | 0-0: Called Strike 0-1: Fielders Choice at 2nd, 5-4 (Groundball, 56) | Bottom of the 1st over - 0 runs, 1 hit, 0 errors, 1 left on base; Evanston 0 - Plumstead 0 | TOP OF THE 2ND |
---|
Evanston Elitists batting - Pitching for Plumstead Eagles : RHP Archie King | Batting: RHB Jerry Browning | 0-0: Ball 1-0: Ball 2-0: Ball 3-0: Base on Balls | Batting: LHB Javier Mejía | 0-0: Ball 1-0: Ball 2-0: Called Strike 2-1: Ball 3-1: Foul Ball, location: 2F 3-2: Base on Balls Jerry Browning to second | Batting: RHB António Martínez | 0-0: Ball 1-0: Fly out, F7 (Line Drive, 7) | Batting: LHB George Flanagan | 0-0: Ball 1-0: Foul Ball, location: 2F 1-1: Called Strike 1-2: Ball 2-2: Strikes out swinging | Batting: RHB Jorge Calderón | 0-0: Ball 1-0: Swinging Strike 1-1: Ball 2-1: Foul Ball, location: 2F 2-2: Strikes out swinging | Top of the 2nd over - 0 runs, 0 hits, 0 errors, 2 left on base; Evanston 0 - Plumstead 0 | BOTTOM OF THE 2ND |
---|
Plumstead Eagles batting - Pitching for Evanston Elitists : LHP Ben Johnston | Batting: SHB Joaquín Gilera | 0-0: Foul Ball, location: 2F 0-1: SINGLE (Flyball, 8RS) | Batting: RHB Jimmy Myers | 0-0: Called Strike 0-1: Ball 1-1: Fielders Choice at 2nd, 2-6 (Groundball, 2R) | Batting: RHB Larry Johnson | 0-0: Swinging Strike 0-1: Fielders Choice at 2nd, 6-4 (Groundball, 6) | Batting: LHB Joe Rutherford | 0-0: Ball 1-0: SINGLE (Line Drive, 89S) Larry Johnson to second | Batting: LHB António Álvarez | 0-0: Foul Ball, location: 2F 0-1: SINGLE (Groundball, 6D) Larry Johnson to third Joe Rutherford to second Runner from 3rd tries for Home, SAFE, no throw | Batting: LHB Mauro López | 0-0: Ball 1-0: Ball 2-0: SINGLE (Flyball, 78S) Joe Rutherford to third António Álvarez to second | Batting: SHB José Rincón | 0-0: Ball 1-0: GRAND SLAM HOME RUN (Flyball, 7LD), Distance : 373 ft | Batting: LHB Ismael Barajas | 0-0: Ball 1-0: Swinging Strike 1-1: Ball 2-1: Ball 3-1: DOUBLE (Line Drive, 89D) | Batting: RHB Lúcio Alfaro | 0-0: Called Strike 0-1: Ball 1-1: Ball 2-1: Called Strike 2-2: Ball 3-2: Fly out, F8 (Line Drive, 78D) | Bottom of the 2nd over - 5 runs, 6 hits, 0 errors, 1 left on base; Evanston 0 - Plumstead 5 | TOP OF THE 3RD |
---|
Evanston Elitists batting - Pitching for Plumstead Eagles : RHP Archie King | Batting: SHB Ryan Roberts | 0-0: Called Strike 0-1: Foul Ball, location: 2F 0-2: Strikes out looking | Batting: LHB Arthur Guzmán | 0-0: Called Strike 0-1: Ball 1-1: Ball 2-1: Swinging Strike 2-2: Strikes out swinging | Batting: RHB Troy Johnson | 0-0: Ball 1-0: Ball 2-0: Ground out 5-3 (Groundball, 56S) | Top of the 3rd over - 0 runs, 0 hits, 0 errors, 0 left on base; Evanston 0 - Plumstead 5 | BOTTOM OF THE 3RD |
---|
Plumstead Eagles batting - Pitching for Evanston Elitists : LHP Ben Johnston | Batting: SHB Joaquín Gilera | 0-0: Called Strike 0-1: Foul Ball, location: 2F 0-2: Ball 1-2: Strikes out swinging | Batting: RHB Jimmy Myers | 0-0: Swinging Strike 0-1: Ball 1-1: Ball 2-1: Foul Ball, location: 2F 2-2: Strikes out swinging | Batting: RHB Larry Johnson | 0-0: Ball 1-0: Fly out, F7 (Flyball, 7S) | Bottom of the 3rd over - 0 runs, 0 hits, 0 errors, 0 left on base; Evanston 0 - Plumstead 5 | TOP OF THE 4TH |
---|
Evanston Elitists batting - Pitching for Plumstead Eagles : RHP Archie King | Batting: SHB Jacob Wilcox | 0-0: Ball 1-0: Fly out, F8 (Flyball, 8RM) | Batting: RHB Jerry Browning | 0-0: Ball 1-0: Called Strike 1-1: Swinging Strike 1-2: Strikes out looking | Batting: LHB Javier Mejía | 0-0: Ball 1-0: Called Strike 1-1: Called Strike 1-2: Foul Ball, location: 2F 1-2: Ball 2-2: Ball 3-2: Strikes out swinging | Top of the 4th over - 0 runs, 0 hits, 0 errors, 0 left on base; Evanston 0 - Plumstead 5 | BOTTOM OF THE 4TH |
---|
Plumstead Eagles batting - Pitching for Evanston Elitists : LHP Ben Johnston | Batting: LHB Joe Rutherford | 0-0: Ball 1-0: Ball 2-0: Called Strike 2-1: Ball 3-1: Called Strike 3-2: Strikes out swinging | Batting: LHB António Álvarez | 0-0: Foul Ball, location: 2F 0-1: Ball 1-1: Ground out 6-3 (Groundball, 6) | Batting: LHB Mauro López | 0-0: Foul Ball, location: 2F 0-1: Ball 1-1: Ball 2-1: Ground out 6-3 (Groundball, 6) | Bottom of the 4th over - 0 runs, 0 hits, 0 errors, 0 left on base; Evanston 0 - Plumstead 5 | TOP OF THE 5TH |
---|
Evanston Elitists batting - Pitching for Plumstead Eagles : RHP Archie King | Batting: RHB António Martínez | 0-0: Ball 1-0: Foul Ball, location: 2F 1-1: Fly out, F6 (Line Drive, 6) | Batting: LHB George Flanagan | 0-0: Called Strike 0-1: Foul Ball, location: 2F 0-2: Strikes out swinging | Batting: RHB Jorge Calderón | 0-0: Ground out 6-3 (Groundball, 6) | Top of the 5th over - 0 runs, 0 hits, 0 errors, 0 left on base; Evanston 0 - Plumstead 5 | BOTTOM OF THE 5TH |
---|
Plumstead Eagles batting - Pitching for Evanston Elitists : LHP Ben Johnston | Batting: SHB José Rincón | 0-0: Ball 1-0: SINGLE (Flyball, 8RS) | Batting: LHB Ismael Barajas | 0-0: Called Strike 0-1: Ball 1-1: Ball 2-1: Foul Ball, location: 2F 2-2: Strikes out swinging | Batting: RHB Lúcio Alfaro | 0-0: Foul Ball, location: 2F 0-1: Ball 1-1: Ball 2-1: Swinging Strike 2-2: Fly out, F7 (Line Drive, 7S) | Batting: SHB Joaquín Gilera | 0-0: Ball 1-0: SINGLE (Flyball, 78M) José Rincón to second Runner from 2nd tries for 3rd, SAFE, no throw | Batting: RHB Jimmy Myers | 0-0: Called Strike 0-1: Ball 1-1: Called Strike 1-2: Reached on error, E5 (Groundball, 25) José Rincón scores Joaquín Gilera to third | Batting: RHB Larry Johnson | 0-0: Ball 1-0: Called Strike 1-1: Ball 2-1: Foul Ball, location: 2F 2-2: Ground out 6-3 (Groundball, 6) | Bottom of the 5th over - 1 run, 2 hits, 1 error, 2 left on base; Evanston 0 - Plumstead 6 | TOP OF THE 6TH |
---|
Evanston Elitists batting - Pitching for Plumstead Eagles : RHP Archie King | Batting: SHB Ryan Roberts | 0-0: Called Strike 0-1: Ball 1-1: Swinging Strike 1-2: SINGLE (Line Drive, 9S) | Batting: LHB Arthur Guzmán | 0-0: Foul Ball, location: 2F 0-1: Swinging Strike 0-2: Foul Ball, location: 2F 0-2: Foul Ball, location: 2F 0-2: SINGLE (Line Drive, 78S) Ryan Roberts to second | Batting: RHB Troy Johnson | 0-0: Ball 1-0: SINGLE (Line Drive, 56D) Ryan Roberts to third Arthur Guzmán to second Runner from 3rd tries for Home, throw and OUT! | Batting: SHB Jacob Wilcox | 0-0: Ball 1-0: Ball 2-0: Ball 3-0: Base on Balls Arthur Guzmán to third Troy Johnson to second | Batting: RHB Jerry Browning | 0-0: Ball 1-0: Foul Ball, location: 2F 1-1: Called Strike 1-2: Ball 2-2: Strikes out swinging | Pitching: RHP Yuan Si-ma | | Batting: LHB Javier Mejía | 0-0: Foul Ball, location: 2F 0-1: Ball 1-1: GRAND SLAM HOME RUN (Flyball, 89XD), Distance : 386 ft | Batting: RHB António Martínez | 0-0: Swinging Strike 0-1: Foul Ball, location: 2F 0-2: Ball 1-2: Foul Ball, location: 2F 1-2: TRIPLE (Flyball, 8RXD) | Batting: LHB George Flanagan | 0-0: Called Strike 0-1: Foul Ball, location: 2F 0-2: Foul Ball, location: 2F 0-2: Strikes out looking | Top of the 6th over - 4 runs, 5 hits, 0 errors, 1 left on base; Evanston 4 - Plumstead 6 | BOTTOM OF THE 6TH |
---|
Plumstead Eagles batting - Pitching for Evanston Elitists : LHP Ben Johnston | Batting: LHB Joe Rutherford | 0-0: Called Strike 0-1: SINGLE (Line Drive, 56D) | Batting: LHB António Álvarez | 0-0: Fielders Choice at 2nd, 4-6 (Groundball, 34) | Batting: LHB Mauro López | 0-0: Ball 1-0: SINGLE (Line Drive, 6D) António Álvarez to second | Batting: SHB José Rincón | 0-0: Ball 1-0: Ball 2-0: Swinging Strike 2-1: Grounds into double play, 5-4-3 (Groundball, 5) | Bottom of the 6th over - 0 runs, 2 hits, 0 errors, 1 left on base; Evanston 4 - Plumstead 6 | TOP OF THE 7TH |
---|
Evanston Elitists batting - Pitching for Plumstead Eagles : RHP Yuan Si-ma | Batting: RHB Jorge Calderón | 0-0: Ball 1-0: Ball 2-0: Ball 3-0: Called Strike 3-1: Foul Ball, location: 2F 3-2: Base on Balls | Batting: SHB Ryan Roberts | 0-0: Called Strike Jorge Calderón steals 2nd base 0-1: Called Strike 0-2: Ball 1-2: Strikes out swinging | Batting: LHB Arthur Guzmán | 0-0: Ball 1-0: Called Strike 1-1: Foul Ball, location: 2F 1-2: Ball 2-2: Ball 3-2: Base on Balls | Batting: RHB Troy Johnson | 0-0: Called Strike 0-1: Swinging Strike 0-2: Ball 1-2: Ball 2-2: Strikes out swinging | Batting: SHB Jacob Wilcox | 0-0: Ball 1-0: Foul Ball, location: 2F 1-1: Ball 2-1: Swinging Strike 2-2: Strikes out looking | Top of the 7th over - 0 runs, 0 hits, 0 errors, 2 left on base; Evanston 4 - Plumstead 6 | BOTTOM OF THE 7TH |
---|
Plumstead Eagles batting - Pitching for Evanston Elitists : LHP Ben Johnston | Pitching: LHP Gregory Thompson | | Batting: LHB Ismael Barajas | 0-0: Foul Ball, location: 2F 0-1: Ball 1-1: Swinging Strike 1-2: Strikes out swinging | Batting: RHB Lúcio Alfaro | 0-0: Ball 1-0: SINGLE (Groundball, 56) (infield hit) | Batting: SHB Joaquín Gilera | 0-0: Ball 1-0: Grounds into double play, 5-4-3 (Groundball, 56) | Bottom of the 7th over - 0 runs, 1 hit, 0 errors, 0 left on base; Evanston 4 - Plumstead 6 | TOP OF THE 8TH |
---|
Evanston Elitists batting - Pitching for Plumstead Eagles : RHP Yuan Si-ma | Batting: RHB Jerry Browning | 0-0: Foul Ball, location: 2F 0-1: SINGLE (Flyball, 89S) | Batting: LHB Javier Mejía | 0-0: Swinging Strike 0-1: Foul Ball, location: 2F 0-2: Foul Ball, location: 2F 0-2: Ball 1-2: Foul Ball, location: 2F 1-2: Fly out, F3 (Line Drive, 34) | Batting: RHB António Martínez | 0-0: Ball 1-0: Ball 2-0: Ball 3-0: Called Strike 3-1: Base on Balls Jerry Browning to second | Pitching: RHP Michael Bane | | Batting: LHB George Flanagan | 0-0: Ball 1-0: Ball 2-0: Called Strike 2-1: Foul Ball, location: 2F 2-2: Ball 3-2: Strikes out swinging | Batting: RHB Jorge Calderón | 0-0: Ball 1-0: Ball 2-0: Ball 3-0: Base on Balls Jerry Browning to third António Martínez to second | Batting: SHB Ryan Roberts | 0-0: Ball 1-0: Ground out 4-3 (Groundball, 4M) | Top of the 8th over - 0 runs, 1 hit, 0 errors, 3 left on base; Evanston 4 - Plumstead 6 | BOTTOM OF THE 8TH |
---|
Plumstead Eagles batting - Pitching for Evanston Elitists : LHP Gregory Thompson | Batting: RHB Jimmy Myers | 0-0: Ball 1-0: Ball 2-0: Ball 3-0: Base on Balls | Batting: RHB Larry Johnson | 0-0: SINGLE (Line Drive, 56) Jimmy Myers to second | Pinch Hitting: LHB Conan Bush | 0-0: Called Strike 0-1: Foul Ball, location: 2F 0-2: Foul Ball, location: 2F 0-2: Strikes out swinging | Pinch Hitting: RHB J.T. Paull | 0-0: Ball 1-0: Foul Ball, location: 2F 1-1: Ball 2-1: Foul Ball, location: 2F 2-2: Strikes out swinging | Batting: LHB Mauro López | 0-0: Fly out, F9 (Flyball, 9S) | Bottom of the 8th over - 0 runs, 1 hit, 0 errors, 2 left on base; Evanston 4 - Plumstead 6 | TOP OF THE 9TH |
---|
Evanston Elitists batting - Pitching for Plumstead Eagles : RHP Michael Bane | Pitching: RHP Mario García | | Now at 3B: Bob Casey | | Now in RF: Conan Bush | | Batting: LHB Arthur Guzmán | 0-0: Fly out, F7 (Flyball, 7S) | Batting: RHB Troy Johnson | 0-0: Ground out 4-3 (Groundball, 4) | Batting: SHB Jacob Wilcox | 0-0: Ball 1-0: Swinging Strike 1-1: Ball 2-1: Ball 3-1: Foul Ball, location: 2F 3-2: Strikes out swinging | Top of the 9th over - 0 runs, 0 hits, 0 errors, 0 left on base; Evanston 4 - Plumstead 6 | |